 Dungeon Crawl Stone Soup version 0.28.0-43-g3370ac3207 (webtiles) character file.

Game seed: 12384831056850231789

34 jimonade the Cleaver (level 3, -1/28 HPs)
             Began as a Gnoll Wanderer on Mar 16, 2022.
             Succumbed to a goblin's poison
             ... on level 1 of the Dungeon.
             The game lasted 00:04:43 (1130 turns).

jimonade the Cleaver (Gnoll Wanderer)               Turns: 1130, Time: 00:04:43

Health: -1/28      AC:  2    Str: 11    XL:     3   Next: 31%
Magic:  7/7        EV: 11    Int: 22    God:
Gold:   35         SH:  0    Dex:  8    Spells: 6/7 levels left

rFire   . . .      SeeInvis .   a - +2 hand axe
rCold   . . .      Faith    .   (no shield)
rNeg    . . .      Spirit   .   d - +0 robe
rPois   .          Reflect  .   (no helmet)
rElec   .          Harm     .   (no cloak)
rCorr   .          Rampage  .   (no gloves)
Will    .....                   (no boots)
Stlth   +.........              (no amulet)
HPRegen 0.09/turn               l - +6 ring of intelligence
MPRegen 0.10/turn               (no ring)

@: lethally poisoned (-1 -> -13)
A: fangs 1, strong nose, distributed training
a: no special abilities


You were on level 1 of the Dungeon.
You visited 1 branch of the dungeon, and saw 1 of its levels.

You collected 35 gold pieces.

Inventory:

Hand Weapons
 a - a +2 hand axe (weapon)
Missiles
 b - 3 poisoned darts (quivered)
 f - 14 bolts
 g - 23 arrows
 j - 50 stones
Armour
 c - a +0 ring mail
 d - a +0 robe (worn)
Jewellery
 l - a +6 ring of intelligence (left hand)
Scrolls
 e - a scroll of noise {unknown}
 h - a scroll of teleportation {unknown}
 i - a scroll of fear {unknown}
Potions
 k - a potion of haste {unknown}
 m - a potion of attraction {unknown}


   Skills:
 + Level 2.6 Fighting
 + Level 0.7 Short Blades
 + Level 0.7 Long Blades
 + Level 8.5 Axes
 + Level 0.7 Maces & Flails
 + Level 0.7 Polearms
 + Level 0.7 Staves
 + Level 0.7 Slings
 + Level 0.7 Bows
 + Level 0.7 Crossbows
 + Level 6.5 Throwing
 + Level 0.7 Armour
 + Level 0.7 Dodging
 + Level 0.7 Stealth
 + Level 0.7 Shields
 + Level 0.7 Unarmed Combat
 + Level 2.8 Spellcasting
 + Level 0.5 Conjurations
 + Level 0.5 Hexes
 + Level 0.5 Summonings
 + Level 2.1 Necromancy
 + Level 0.5 Translocations
 + Level 0.5 Transmutations
 + Level 0.5 Fire Magic
 + Level 0.5 Ice Magic
 + Level 0.5 Air Magic
 + Level 0.5 Earth Magic
 + Level 0.5 Poison Magic
 + Level 0.9 Invocations
 + Level 0.7 Evocations


You had 6 spell levels left.
You knew the following spells:

 Your Spells              Type           Power      Damage    Failure   Level
a - Animate Skeleton      Necr           24%        N/A       5%          1

Your spell library contained the following spells:

 Spells                   Type           Power      Damage    Failure   Level
 Vampiric Draining        Necr           12%        2d6       16%         3


Dungeon Overview and Level Annotations

Branches:
Dungeon (1/15)

Altars:


Innate Abilities, Weirdness & Mutations

You have very sharp teeth.
Your uncanny sense of smell can sniff out nearby items.
Your experience applies equally to all skills.


Message History

The kobold is severely wounded.
The kobold hits you with a +0 short sword.
You barely miss the kobold.
The kobold is severely wounded.
The kobold closely misses you.
You hit the kobold.
You kill the kobold!
You closely miss the frilled lizard. The frilled lizard bites you.
Things that are here:
a +0 short sword; a poisoned dart; a kobold corpse You throw a poisoned dart.
The poisoned dart closely misses the frilled lizard.
The frilled lizard closely misses you.
You miss the frilled lizard. You hit the goblin.
The goblin hits you with a +0 dagger of venom.
You are poisoned.
The frilled lizard bites you.
You hit the frilled lizard.
You kill the frilled lizard!
You closely miss the goblin.
You feel very sick. The goblin closely misses you.
You feel sick. The goblin hits you but does no damage.
You are lethally poisoned!
You see here a frilled lizard corpse.
You miss the goblin.
The goblin is severely wounded.
You feel very sick.
The goblin hits you with a +0 dagger of venom.
* * * LOW HITPOINT WARNING * * *
You are more poisoned.
You slash the goblin!
You kill the goblin!
* * * LOW HITPOINT WARNING * * *
You feel very sick.
* * * LOW HITPOINT WARNING * * *
You feel very sick.
You see here a +0 dagger of venom.
Okay, then.
You die...

#
#####.........##'#'#..#..#.#
#
#.....................##.#.#
#
#......###............+..#.#
# #......#
#............####.# #
#......# #....##'#+#'### #.#
# #......#
#....##.#.#...###.# #
#......# #....##.........#.#
#......# #.†..####.....#.#.#
.....>.###.@..########.#.#.#
...........####........#.#.#
###.....# #.######.#....
#..)..####.#....#.###.#
...(......+.......#........
.....(....##.#.#..###.###.#
..(.....>####.#.#..#.......#
.........# #.#.#..#...#####
#..(.....# #.#.............


There were no monsters in sight!

Vanquished Creatures
  A dart slug (D:1)
  3 endoplasms (D:1)
  A giant cockroach (D:1)
  A goblin (D:1)
  7 hobgoblins (D:1)
  4 jackals (D:1)
  A ball python (D:1)
  3 frilled lizards (D:1)
  4 kobolds (D:1)
  4 rats (D:1)
29 creatures vanquished.

Notes
Turn   | Place    | Note
-------+----------+-------------------------------------------
     0 | D:1      | jimonade the Gnoll Wanderer began the quest for the Orb.
     0 | D:1      | jimonade set off with the following items: a +2 hand axe,
                  | 14 poisoned darts, a +0 dagger, a +0 robe; and the
                  | following spell memorised: Animate Skeleton; and the
                  | following spells available to memorise: Vampiric Draining
     0 | D:1      | Reached XP level 1. HP: 17/17 MP: 4/4
   359 | D:1      | Reached XP level 2. HP: 23/23 MP: 5/5
   981 | D:1      | Reached XP level 3. HP: 26/28 MP: 7/7
  1130 | D:1      | Succumbed to a goblin's poison

Illustrated notes

Levels and vault maps discovered:
D:1:      lightli_arrival_chessboard, layout_basic

Skill      XL: |  1 |
---------------+----+-----
Necromancy     | 2 |  2.1
Fighting       | |  2.6
Short Blades   | |  0.7
Long Blades    | |  0.7
Axes           | |  8.5
Maces & Flails | |  0.7
Polearms       | |  0.7
Staves         | |  0.7
Slings         | |  0.7
Bows           | |  0.7
Crossbows      | |  0.7
Throwing       | |  6.5
Armour         | |  0.7
Dodging        | |  0.7
Stealth        | |  0.7
Shields        | |  0.7
Unarmed Combat | |  0.7
Spellcasting   | |  2.8
Conjurations   | |  0.5
Hexes          | |  0.5
Summonings     | |  0.5
Translocations | |  0.5
Transmutations | |  0.5
Fire Magic     | |  0.5
Ice Magic      | |  0.5
Air Magic      | |  0.5
Earth Magic    | |  0.5
Poison Magic   | |  0.5
Invocations    | |  0.9
Evocations     | |  0.7

Action                   || total
-------------------------++-------
Melee: Hand axe          ||    41
       Bite              ||     2
       Punch             ||     1
Throw: Dart              ||    47
       Stone             ||     4
 Cast: Animate Skeleton  ||     1
Armor: Robe              ||     7
Dodge: Dodged            ||    24
